 Dungeon Crawl Stone Soup version 0.23-a0-641-g0a7f1ce553 (webtiles) character file.

44 Napalmbreeze the Insei (level 3, 0/28 HPs)
             Began as a Demigod Transmuter on Dec 29, 2018.
             Slain by Crazy Yiuf
             ... wielding a +2 quarterstaff of chaos
              (11 damage)
             ... on level 2 of the Dungeon.
             The game lasted 00:04:33 (2329 turns).

Napalmbreeze the Insei (Demigod Transmuter)         Turns: 2329, Time: 00:04:34

Health: 0/28       AC:  2    Str: 13    XL:     3   Next: 22%
Magic:  1/8        EV: 12    Int: 19    God:
Gold:   89         SH:  0    Dex: 16    Spells: 3/6 levels left

rFire    . . .     SeeInvis .     - Unarmed
rCold    . . .     Gourm    .   (no shield)
rNeg     . . .     Faith    .   c - +0 robe (curse)
rPois    .         Spirit   .   (no helmet)
rElec    .         Reflect  .   (no cloak)
rCorr    .         Harm     .   (no gloves)
MR       .....                  (no boots)
Stlth    +.........             (no amulet)
HPRegen  0.09/turn              (no ring)
MPRegen  0.11/turn              (no ring)

@: lethally poisoned (0 -> -10), very slightly contaminated, invisible
A: high mp 1
a: no special abilities


You were on level 2 of the Dungeon.
You were very hungry.

You visited 1 branch of the dungeon, and saw 2 of its levels.

You collected 89 gold pieces.

Inventory:

Missiles
 a - 80 arrows (quivered)
Armour
 c - a cursed +0 robe (worn)
Jewellery
 k - an uncursed ring of poison resistance {unknown}
Scrolls
 b - 2 scrolls of remove curse {unknown}
 e - a scroll of noise {unknown}
 f - a scroll of fog {unknown}
 h - 3 scrolls of identify {unknown}
 m - a scroll of enchant weapon {unknown}
Potions
 i - a potion of degeneration {unknown}
 j - a potion of brilliance {unknown}
 n - a potion of cancellation {unknown}
 o - a potion of heal wounds {unknown}
Comestibles
 d - 4 rations


   Skills:
 + Level 1.4 Fighting
 - Level 1.7 Dodging
 + Level 3.0 Unarmed Combat
 + Level 2.1 Spellcasting
 * Level 2.5 Transmutations


You had 3 spell levels left.
You knew the following spells:

 Your Spells              Type           Power        Failure   Level  Hunger
a - Beastly Appendage     Tmut           ##....       6%          1    #......
s - Sticks to Snakes      Tmut           ##......     9%          2    ##.....

Your spell library contained the following spells:

 Spells                   Type           Power        Failure   Level  Hunger
 Spider Form              Tmut/Pois      #.........   30%         3    ###....
 Ice Form                 Ice/Tmut       #.......     69%         4    #####..
 Blade Hands              Tmut           ##........   85%         5    ######.


Dungeon Overview and Level Annotations

Branches:
Dungeon (2/15)

Annotations:
D:2 Crazy Yiuf


Innate Abilities, Weirdness & Mutations

You have an increased reservoir of magic. (+10% MP)


Message History

You feel sick.
Your ball python constricts Crazy Yiuf.
Crazy Yiuf flaps his cloak.
Crazy Yiuf hits your ball python with a +2 quarterstaff of chaos.
Your ball python seems to slow down.
Crazy Yiuf freezes your ball python.
Your ball python dies!
You aren't carrying any items that you can evoke.
Unknown command.
Casting: Sticks to Snakes (safe; 9% risk of failure)
Confirm with . or Enter, or press ? or * to list all spells.
You don't have enough magic to cast that spell.
Unknown command.
You feel sick.
It was a potion of invisibility.
You fade into invisibility!
You feel sick.
You are very lightly contaminated with residual magic.
You feel sick.
Crazy Yiuf hits you with a +2 quarterstaff of chaos!
You die...

#....(#.....#.#
#.#
#####.##.###...#
#.###### # #.##.#
##### #......# #
#.##.# #.####.# #
#.#### ### #.# #
#.# #.# #####.##
♣♣♣♣♣##.##
.......# ###
♣♣♣.♣...#..#
#####..#
#..S#♣g@♣.♣.....#
#..#
#...'.♣♣♣♣......#
#####..# #)..#♣♣
♣♣..#.## #......#
### ♣♣####
#.###..# #.# #..#
#.###..# .......#
..####.#


You could see Crazy Yiuf.

Vanquished Creatures
  2 adders (D:2)
  A worm (D:2)
  A dart slug (D:2)
  A leopard gecko (D:1)
  A giant cockroach (D:2)
  2 goblins
  5 hobgoblins
  4 bats
  5 kobolds
  A rat (D:1)
23 creatures vanquished.

Vanquished Creatures (collateral kills)
  A giant cockroach (D:2)
1 creature vanquished.

Grand Total: 24 creatures vanquished

Notes
Turn   | Place    | Note
-------+----------+-------------------------------------------
     0 | D:1      | Napalmbreeze the Demigod Transmuter began the quest for the
                  | Orb.
     0 | D:1      | Reached XP level 1. HP: 15/15 MP: 5/5
   266 | D:1      | Reached skill level 1 in Fighting
  1191 | D:1      | Reached XP level 2. HP: 15/23 MP: 7/7
  1356 | D:1      | Learned a level 2 spell: Sticks to Snakes
  1468 | D:2      | Found an ancient bone altar of Kikubaaqudgha.
  1777 | D:2      | Reached skill level 3 in Unarmed Combat
  1952 | D:2      | Reached XP level 3. HP: 2/28 MP: 6/8
  1952 | D:2      | HP: 1/28 [poisoned by an adder]
  2183 | D:2      | Found a hide-covered altar of Uskayaw.
  2310 | D:2      | Found a runed door.
  2315 | D:2      | Noticed Crazy Yiuf
  2329 | D:2      | Slain by Crazy Yiuf

Vault maps used:
D:1:      ncdulo_halloftheorcs
D:2:      lemuel_round_altar, overflow_temple_1_default, first_ration,
          uniq_crazy_yiuf_cottage

Skill      XL: |  1  2 |
---------------+-------+-----
Fighting       | 1 |  1.4
Transmutations | 2 |  2.5
Spellcasting   | 2 |  2.1
Unarmed Combat | 3 |  3.0
Dodging        | |  1.7

Action                   || total
-------------------------++-------
Melee: Unarmed           ||   104
       Headbutt          ||     2
       Punch             ||     2
 Cast: Beastly Appendage ||     1
       Sticks to Snakes  ||    10
  Use: Potion            ||     2
 Stab: Sleeping          ||     1
  Eat: Chunk             ||     4
Armor: Robe              ||    13
Dodge: Dodged            ||    46

Table legend:
 A = Non-vault XP
 B = Vault XP
 C = Vault XP percentage of total XP
 D = Non-vault monster count
 E = Vault monster count
 F = Vault count percentage of total count
                 A         B        C        D         E       F
            +---------+---------+-------+---------+---------+-------
      Total |      63 |       0 |   0.0 |      24 |       0 |   0.0
            +---------+---------+-------+---------+---------+-------
        D:1 |      15 |       0 |   0.0 |       9 |       0 |   0.0
        D:2 |      48 |       0 |   0.0 |      15 |       0 |   0.0
            +---------+---------+-------+---------+---------+-------
